 Dungeon Crawl Stone Soup version 0.30.1-4-g462c640d31 (webtiles) character file.

Game seed: 12793227180084675276

20906 olmar the Basher (level 12, -2/115 HPs)
             Began as a Naga Fighter on Sept 9, 2023.
             Was an Initiate of Gozag.
             Killed from afar by Fannar (35 damage)
             ... with a bolt of cold
             ... on level 11 of the Dungeon.
             The game lasted 00:28:33 (19163 turns).

olmar the Basher (Naga Fighter)                    Turns: 19163, Time: 00:28:34

Health: -2/115     AC: 15    Str: 22    XL:     12   Next: 84%
Magic:  12/12      EV:  8    Int: 10    God:    Gozag
Gold:   1308       SH: 12    Dex: 11    Spells: 11/11 levels left

rFire   . . .        S - +0 morningstar (flame)
rCold   . . .        g - +2 kite shield
rNeg    . . .        T - +0 acid dragon scales
rPois   +            w - +1 helmet
rElec   .            (no cloak)
rCorr   +            (no gloves)
SInv    +            (no barding)
Will    +....        Y - amulet of regeneration
Stlth   ++           C - +4 ring of protection
HPRegen 1.19/turn    G - ring of flight
MPRegen 0.13/turn

%: no passive effects
@: short of breath, flying, hasted, quick
A: AC +4, large, see invisible, deformed body, poison resistance, slowness 2,
spit poison 1, naga tail 1
a: Spit Poison, Renounce Religion, Potion Petition, Call Merchant, Bribe Branch


You were on level 11 of the Dungeon.
You worshipped Gozag.
Gozag was most pleased with you.
You visited 2 branches of the dungeon, and saw 13 of its levels.
You also visited: Sewer and Ossuary.

You collected 2827 gold pieces.
You spent 494 gold pieces at shops.
You paid 1025 gold pieces to Gozag.

Inventory:

Hand Weapons
 a - a +0 flail
 x - a +2 mace of protection
 y - a +0 whip of flaming
 E - a -1 demon whip of venom
 S - a +0 morningstar of flaming (weapon)
Missiles
 e - 22 poisoned darts
 q - 4 datura-tipped darts
 z - 3 atropa-tipped darts
 U - 14 boomerangs of dispersal
Armour
 c - a +0 buckler
 g - a +2 kite shield (worn)
 s - a +0 chain mail
 w - a +1 helmet (worn)
 M - a scarf of harm
 T - +0 acid dragon scales (worn)
Jewellery
 u - an amulet of the acrobat
 C - a +4 ring of protection (left hand)
 G - a ring of flight (right hand)
 N - a ring of fire
 R - a ring of resist corrosion
 V - a +6 ring of intelligence
 Y - an amulet of regeneration (around neck)
Wands
 A - a wand of digging (21)
 Q - a wand of flame (11)
 Z - a wand of polymorph (6)
Scrolls
 b - 4 scrolls of immolation
 h - 11 scrolls of teleportation
 m - a scroll of torment
 n - 4 scrolls of vulnerability
 o - 3 scrolls of enchant weapon
 t - 2 scrolls of noise
 v - 3 scrolls of fog
 H - 3 scrolls of poison
 J - 4 scrolls of enchant armour
 O - 2 scrolls of identify
 P - 2 scrolls of summoning
 W - 3 scrolls of magic mapping
Potions
 d - 3 potions of might
 f - 2 potions of haste
 i - 2 potions of mutation
 j - 2 potions of ambrosia
 k - 3 potions of curing
 l - 4 potions of cancellation
 p - 2 potions of lignification
 r - 3 potions of resistance
 B - 3 potions of attraction
 D - 2 potions of invisibility
 F - 3 potions of flight
 I - 8 potions of degeneration
 K - 2 potions of brilliance
 L - 2 potions of magic
Miscellaneous
 X - a lightning rod (inert)


   Skills:
 + Level 9.6 Fighting
 + Level 13.6 Maces & Flails
 + Level 8.7 Armour
 - Level 0.4 Dodging
 + Level 5.1 Stealth
 + Level 8.1 Shields
 + Level 1.6 Evocations


You had 11 spell levels left.
You didn't know any spells.
Your spell library contained the following spells:

 Spells                   Type           Power      Damage    Failure   Level
 Apportation              Tloc           0%         N/A       65%         1
 Foxfire                  Conj/Fire      0%         2x1d4     65%         1
 Necrotise                Necr           0%         1d4       65%         1
 Sandblast                Erth           0%         2d4       65%         1
 Summon Small Mammal      Summ           0%         N/A       65%         1
 Blink                    Tloc           0%         N/A       80%         2
 Lesser Beckoning         Tloc           0%         N/A       80%         2
 Momentum Strike          Conj/Tloc      0%         3d8       80%         2
 Passwall                 Tmut/Erth      0%         N/A       80%         2
 Hailstorm                Conj/Ice       0%         3d3       95%         3
 Inner Flame              Hex/Fire       0%         N/A       95%         3
 Ozocubu's Armour         Ice            0%         N/A       95%         3
 Stone Arrow              Conj/Erth      0%         3d7       95%         3
 Animate Armour           Summ/Erth      0%         N/A       100%        4
 Ice Form                 Ice/Tmut       0%         N/A       100%        4
 Petrify                  Tmut/Erth      0%         N/A       100%        4
 Blade Hands              Tmut           0%         N/A       100%        5
 Fireball                 Conj/Fire      0%         3d3       100%        5
 Metabolic Englaciation   Hex/Ice        0%         N/A       100%        5
 Summon Forest            Summ/Tloc      0%         N/A       100%        5
 Yara's Violent Unravell  Hex/Tmut       0%         3d3       100%        5
 Eringya's Noxious Bog    Tmut/Pois      0%         N/A       100%        6
 Iron Shot                Conj/Erth      0%         9d1       100%        6
 Plasma Beam              Fire/Air       0%         2x1d11    100%        6
 Starburst                Conj/Fire      0%         6d3       100%        6
 Statue Form              Tmut/Erth      0%         N/A       100%        6
 Enfeeble                 Hex            0%         N/A       100%        7
 Summon Hydra             Summ           0%         N/A       100%        7
 Simulacrum               Ice/Necr       Unusable   N/A       N/A         6

Dungeon Overview and Level Annotations

Branches:
Dungeon (11/15)            Temple (0/1) D:7            Lair (2/5) D:10
  Swamp (0/4) Lair:2       Spider (0/4) Lair:2          Orc (0/2) D:9
  Sewer (visited)         Ossuary (visited)

Altars:
Ashenzari
Elyvilon
Gozag
Kikubaaqudgha
Nemelex Xobeh
Okawaru
Sif Muna
Trog
Uskayaw
Vehumet
Zin

Shops:
D:2 (*(!   D:8 :   D:9 [

Annotations:
D:6 1 runed translucent door, Crazy Yiuf
D:11 Fannar


Innate Abilities, Weirdness & Mutations

Your serpentine skin is tough. (AC +4)
You have supernaturally acute eyesight. (SInv)
Armour fits poorly on your strangely shaped body.
Your system is resistant to poisons. (rPois)
You cover ground very slowly.
You can spit poison.
You have a snake-like lower body.


Message History

You are too injured to fight recklessly!
Unknown command.
You are too injured to fight recklessly!
Unknown command.
You are too injured to fight recklessly!
Aiming: Spit Poison (1% risk of failure)
Press: ? - help, Q - select action, (/) - cycle Shift-Dir - straight line, f/p - Fannar
Aim: Fannar, wielding a staff of cold and wearing a +2 robe of cold resistance (moderately wounded, poisoned, 43% to hit)
The splash of poison hits Fannar but does no damage.
Fannar looks even sicker.
Fannar is moderately wounded.
Unknown command.
Unknown command.
You hit Fannar. You burn Fannar.
Fannar is heavily wounded.
Fannar hits you but does no damage. Fannar freezes you.
Unknown command.
Unknown command.
You closely miss Fannar.
Fannar is heavily wounded.
Fannar casts a spell.
Fannar drains the heat from the surrounding environment!
Unknown command.
You can't do that yet.
You can't do that yet.
Unknown command.
You hit Fannar. You burn Fannar.
Fannar is heavily wounded.
Unknown command.
You miss Fannar.
Fannar is heavily wounded.
Fannar hits you but does no damage. Fannar freezes you.
* * * LOW HITPOINT WARNING * * *
Unknown command.
You hit Fannar. You burn Fannar.
Fannar is heavily wounded.
Fannar gestures at you while chanting. The bolt of cold hits you!!
You die...
Your body crumbles into a pile of gold.

.......#..[..# ..................
.......#.....#...................
.......+.....#...................
#########..###...................
#### ####....######+#####.....
.... #.... #.....'..... ..<.
#.... #.....#..... +### #^..e####
#.##..#..... #.@..###.##..######
#....#....#...# #....'....#...#
#....########## ######


You could see Fannar (poisoned).

Vanquished Creatures
  4 boulder beetles
  A centaur warrior (D:9)
  2 two-headed ogres (D:10)
  A fire crab (D:10)
  Amaemon (D:11)
  A wizard (D:10)
  Pikel (D:5)
  A will-o-the-wisp (Lair:2)
  Joseph (D:7)
  2 black mambas
  An orange demon (D:11)
  Maggie (D:8)
  3 cane toads
  A torpor snail (Lair:2)
  An unseen horror (D:11)
  4 komodo dragons
  A rime drake (Lair:1)
  A hornet (D:9)
  4 dream sheep (Lair:2)
  A jumping spider (Lair:2)
  2 shadows
  A culicivora (Lair:2)
  Eustachio (D:6)
  2 vampires
  A wyvern (Lair:2)
  3 basilisks
  2 redbacks (Lair:2)
  7 water moccasins
  4 orc warriors
  A sky beast (D:6)
  2 black bears
  2 hornet zombies (Ossuary)
  An ogre (D:6)
  A phantom (D:3)
  4 wolves (Lair:1)
  8 centaurs
  3 kobold brigands
  2 gnoll sergeants
  12 bullfrogs
  A wyvern zombie (Ossuary)
  A scorpion (D:6)
  3 water moccasin zombies (Ossuary)
  12 wights
  16 killer bees
  3 howler monkeys
  8 electric eels
  A bullfrog zombie (Ossuary)
  4 centaur zombies (Ossuary)
  3 hounds
  7 orc priests
  Natasha (thrice) (D:3)
  Terence (D:3)
  2 iguanas
  2 sleepcaps
  11 orc wizards
  A killer bee zombie (Ossuary)
  8 mummies (Ossuary)
  Robin (D:3)
  2 howler monkey zombies (Ossuary)
  6 gnolls
  12 adders
  4 river rats (Sewer)
  A shadow imp (D:7)
  3 white imps
  4 worms
  2 dart slugs
  38 orcs
  12 endoplasms
  5 giant cockroaches
  12 goblins
  10 hobgoblins
  4 jackals
  24 kobolds
  5 quokkas
  18 ball pythons
  2 bats (D:1)
  4 frilled lizards
  25 rats
373 creatures vanquished.

Vanquished Creatures (collateral kills)
  A gnoll (D:5)
  An adder (D:5)
  A river rat (D:5)
  An endoplasm (Sewer)
  A rat (D:5)
5 creatures vanquished.

Vanquished Creatures (others)
  A river rat (D:5)
  8 foxfires (Lair:2)
9 creatures vanquished.

Grand Total: 387 creatures vanquished

Notes
Turn   | Place    | Note
-------+----------+-------------------------------------------
     0 | D:1      | olmar the Naga Fighter began the quest for the Orb.
     0 | D:1      | Reached XP level 1. HP: 21/21 MP: 1/1
   320 | D:1      | Reached XP level 2. HP: 27/28 MP: 2/2
   679 | D:1      | Reached XP level 3. HP: 34/34 MP: 3/3
  1250 | D:2      | Found Leosyak's Weapon Boutique.
  1256 | D:2      | Bought 4 datura-tipped darts for 43 gold pieces
  1336 | D:2      | Found Qikek's General Store.
  1344 | D:2      | Bought a scroll of identify for 22 gold pieces
  1506 | D:2      | Found Pymitu's Antique Weapon Shoppe.
  1555 | D:2      | Found Posteir's Distillery.
  1624 | D:2      | Identified the +8 short sword "Baanuqeh" {elec, rElec rF+
                  | rN+ Will-}
  1818 | D:3      | Noticed Terence
  1824 | D:3      | Killed Terence
  1825 | D:3      | Reached XP level 4. HP: 36/42 MP: 4/4
  1931 | D:3      | Noticed a phantom
  2150 | D:3      | Killed a phantom
  2151 | D:3      | Reached skill level 3 in Maces & Flails
  2151 | D:3      | Reached XP level 5. HP: 10/49 MP: 5/5
  2423 | D:3      | Noticed Natasha
  2427 | D:3      | Killed Natasha
  2799 | D:3      | Noticed Robin
  2828 | D:3      | Killed Robin
  2986 | D:3      | Found a broken altar of Ashenzari.
  3197 | D:3      | Noticed Natasha
  3209 | D:3      | Killed Natasha
  3210 | D:3      | Reached XP level 6. HP: 50/56 MP: 6/6
  3253 | D:3      | Noticed Natasha
  3265 | D:3      | Killed Natasha
  3662 | D:4      | Found a glowing silver altar of Zin.
  3688 | D:4      | Found an opulent altar of Gozag.
  3694 | D:4      | Became a worshipper of Gozag Ym Sagoz the Greedy
  3743 | D:4      | Found an iron altar of Okawaru.
  3767 | D:3      | Reached skill level 4 in Maces & Flails
  4398 | D:4      | Found a radiant altar of Vehumet.
  4687 | D:5      | Entered Level 5 of the Dungeon
  4687 | D:5      | Noticed Pikel
  4764 | D:5      | Reached XP level 7. HP: 59/62 MP: 7/7
  4821 | D:5      | Found an ancient bone altar of Kikubaaqudgha.
  4825 | D:5      | Reached skill level 5 in Maces & Flails
  4837 | D:5      | Noticed a +0 spear
  4837 | D:5      | Noticed a +0 dagger
  4837 | D:5      | Noticed a +0 spear
  4839 | D:5      | Noticed a +0 falchion
  4839 | D:5      | Noticed a +0 short sword
  4839 | D:5      | Noticed a +0 falchion
  4839 | D:5      | Noticed a +0 dagger
  4841 | D:5      | Noticed a +0 short sword
  4870 | D:5      | Found a glowing drain.
  4881 | Sewer    | Entered a sewer
  5352 | Sewer    | Reached XP level 8. HP: 47/73 MP: 8/8
  5575 | D:5      | Killed Pikel
  5576 | D:5      | Reached skill level 7 in Maces & Flails
  5576 | D:5      | Reached skill level 5 in Armour
  6379 | D:5      | Found a hide-covered altar of Uskayaw.
  6692 | D:2      | Bought a scroll of fog for 44 gold pieces
  6692 | D:2      | Bought 2 potions of degeneration for 22 gold pieces
  6692 | D:2      | Bought a potion of heal wounds for 55 gold pieces
  6733 | D:2      | Bought a potion of berserk rage for 55 gold pieces
  6733 | D:2      | Bought a potion of attraction for 33 gold pieces
  6733 | D:2      | Bought a potion of brilliance for 44 gold pieces
  6733 | D:2      | Bought a potion of curing for 33 gold pieces
  6733 | D:2      | Bought a potion of heal wounds for 55 gold pieces
  6733 | D:2      | Bought a potion of might for 44 gold pieces
  6733 | D:2      | Bought a potion of might for 44 gold pieces
  6837 | D:6      | Reached XP level 9. HP: 52/80 MP: 9/9
  6901 | D:6      | Reached skill level 5 in Fighting
  6952 | D:6      | Found a sand-covered staircase.
  6958 | Ossuary  | Entered an ossuary
  7071 | Ossuary  | Reached skill level 8 in Maces & Flails
  7601 | D:6      | Identified the +7 short sword "Rentafy" {flame, Fly rPois
                  | Dex+4}
  7644 | D:6      | Noticed Eustachio
  7680 | D:6      | Killed Eustachio
  7898 | D:6      | Reached skill level 5 in Shields
  8133 | D:6      | Found a sparkling altar of Nemelex Xobeh.
  8219 | D:6      | Reached skill level 9 in Maces & Flails
  8260 | D:6      | Reached XP level 10. HP: 85/91 MP: 10/10
  8525 | D:6      | Found a runed translucent door.
  8526 | D:6      | Noticed Crazy Yiuf
  8651 | D:7      | Noticed Joseph
  8670 | D:7      | Killed Joseph
  8996 | D:7      | Found a staircase to the Ecumenical Temple.
  9081 | D:7      | Found a white marble altar of Elyvilon.
  9833 | D:8      | Found Owur's Book Shoppe.
 10106 | D:8      | Noticed Maggie
 10138 | D:8      | Killed Maggie
 10489 | D:7      | Reached skill level 10 in Maces & Flails
 10849 | D:8      | Found a bloodstained altar of Trog.
 11467 | D:9      | Noticed a centaur warrior
 11475 | D:9      | Killed a centaur warrior
 11505 | D:9      | Reached XP level 11. HP: 57/99 MP: 11/11
 11785 | D:9      | Found Xutoh's Antique Armour Shop.
 11878 | D:9      | Reached skill level 11 in Maces & Flails
 12103 | D:9      | Found a shimmering blue altar of Sif Muna.
 12111 | D:9      | Found a staircase to the Orcish Mines.
 12571 | D:10     | Entered Level 10 of the Dungeon
 12604 | D:10     | Noticed a wizard
 12625 | D:10     | Killed a wizard
 13280 | D:10     | Found a staircase to the Lair.
 13288 | D:10     | Noticed a fire crab
 13718 | D:10     | Noticed a two-headed ogre
 13727 | D:10     | Killed a two-headed ogre
 14148 | D:10     | Noticed a two-headed ogre
 14161 | D:10     | Killed a two-headed ogre
 14525 | D:10     | Killed a fire crab
 14526 | D:10     | Reached skill level 5 in Stealth
 14888 | D:11     | Noticed a boulder beetle
 14977 | Lair:1   | Entered Level 1 of the Lair of Beasts
 15197 | Lair:1   | Reached skill level 12 in Maces & Flails
 15205 | Lair:1   | HP: 5/103 [poisoned by a black mamba]
 15207 | Lair:1   | HP: 2/103 [black mamba (11)]
 15218 | Lair:1   | HP: 4/103 [black mamba (14)]
 15226 | Lair:1   | HP: 5/154 [black mamba (6)]
 16189 | Lair:2   | Reached XP level 12. HP: 85/112 MP: 12/12
 17028 | Lair:2   | Found a hole to the Spider Nest.
 17750 | Lair:2   | Noticed a boulder beetle
 17772 | Lair:2   | Killed a boulder beetle
 17773 | Lair:2   | Reached skill level 13 in Maces & Flails
 18060 | Lair:2   | Found a staircase to the Swamp.
 18452 | D:10     | Killed a boulder beetle
 18565 | D:11     | Noticed a boulder beetle
 18576 | D:11     | Killed a boulder beetle
 18933 | D:11     | Noticed Amaemon
 18940 | D:11     | Killed Amaemon
 18951 | D:11     | Reached skill level 1 in Evocations
 18981 | D:11     | Noticed a boulder beetle
 19000 | D:11     | Killed a boulder beetle
 19147 | D:11     | Noticed Fannar
 19163 | D:11     | Killed from afar by Fannar

Illustrated notes

Levels and vault maps discovered:
D:1:      amcnicky_arrival_gap_in_the_tavern_cellar, layout_loops_corners,
          minmay_small_reverse_x
D:2:      layout_loops_ring, serial_shops, shop, shop, shop, nicolae_shop_trees,
          minmay_pentomino_u4
D:3:      layout_basic, ashenzari_altar_1, chequers_decorated_corner,
          roderic_st_hans_cross, nicolae_wormholes, uniq_natasha, uniq_terence,
          uniq_robin
D:4:      layout_rooms, pdpol_temple_overflow_zin_treasury_gozag_greed,
          mainiacjoe_overflow_boulevard, okawaru_trees_2
D:5:      layout_cave_pods, nicolae_uskayaw_en_pointe,
          overflow_temple_1_default, portal_sewer_entry_b, uniq_pikel
D:6:      layout_loops_ring, nemelex_dance_club_becter,
          nicolae_ossuary_entry_plus, uniq_crazy_yiuf_cottage, uniq_eustachio
D:7:      layout_basic, mainiacjoe_overflow_small_starburst,
          minmay_temple_entry_poolview, uniq_joseph
D:8:      layout_rooms, trog_three_pillars_becter, serial_shops,
          nicolae_book_shop_shelving, minmay_unpleasant_kobolds, uniq_maggie
D:9:      layout_roguey, nicolae_sif_muna_condensation,
          minmay_orc_entry_temple_small, nicolae_stop_n_shop_2,
          kennysheep_cross_bottleneck
D:10:     cheibrodos_wizards_tower, layout_basic, minmay_lair_entry_lava,
          kennysheep_path_1
D:11:     layout_gridville, uniq_fannar, uniq_amaemon
Lair:1:   layout_hall_layers, infiniplex_staircase_pool, lemuel_fruit_tree
Lair:2:   layout_regular_city, minmay_swamp_entry_wisps,
          spider_nest_entry_funnel_web, grunt_megastairs_2

Skill      XL: |  1  2  3  4  5  6  7  8  9 10 11 12 |
---------------+-------------------------------------+-----
Armour         | 3 4 5 6 7 8 |  8.7
Shields        | 3 4 5 6 7 8 |  8.1
Maces & Flails | 3 4 5 7 9 10 12 13 | 13.6
Stealth        | 2 3 4 5 |  5.1
Fighting       | 4 5 6 8 9 |  9.6
Evocations     | 1 |  1.6
Dodging        | |  0.4

Action                     |  1- 3 |  4- 6 |  7- 9 | 10-12 || total
---------------------------+-------+-------+-------+-------++-------
  Melee: Flail             |    90 |    65 |       |       ||   155
         Mace              |       |    88 |   505 |   541 ||  1134
         Morningstar       |       |       |       |   316 ||   316
  Throw: Dart              |       |     2 |     8 |    10 ||    20
 Invoke: Potion Petition   |       |       |     1 |     1 ||     2
Ability: Spit Poison       |    19 |    27 |    38 |   103 ||   187
  Evoke: Lightning rod     |       |       |       |     7 ||     7
         Wand              |       |       |       |     1 ||     1
    Use: Scroll            |     4 |     6 |     2 |    15 ||    27
         Potion            |     1 |     1 |     2 |    21 ||    25
   Stab: Distracted        |       |       |     4 |     2 ||     6
 Armour: Scale mail        |    36 |       |       |       ||    36
         Chain mail        |       |   105 |   460 |   112 ||   677
         Acid dragon scale |       |       |       |   347 ||   347
         Skin              |       |       |       |     3 ||     3
  Dodge: Dodged            |    48 |    35 |   192 |   274 ||   549
  Block: Buckler           |    21 |    31 |   126 |   143 ||   321
         Kite shield       |       |       |       |    98 ||    98
